 Dungeon Crawl Stone Soup version 0.17.0 (webtiles) character file.

146434 Eucla the Severer (level 16, -7/155 HPs)
             Began as a Minotaur Gladiator on Nov 11, 2015.
             Was the Champion of Okawaru.
             Mangled by a ghost moth (8 damage)
             ... on level 4 of the Spider Nest.
             The game lasted 00:51:55 (30409 turns).

Eucla the Severer (Minotaur Gladiator)             Turns: 30409, Time: 00:51:55

Health: -7/155     AC: 30    Str: 21 (24) XL:     16   Next: 89%
Magic:  0/15       EV: 18    Int: 11      God:    Okawaru [******]
Gold:   1223       SH:  0    Dex: 17 (19) Spells: 0 memorised, 15 levels left

rFire  . . .     SeeInvis .     h - +3 war axe of Cheibriados's Reproof {chop, rPois rC++ Int+4}
rCold  + + +     Clarity  .     d - +8 chain mail "Zustihak" {rC+ Int+2}
rNeg   + . .     SustAt   .     M - +2 buckler {rN+}
rPois  +         Gourm    .     c - +0 hat
rElec  .         Spirit   .     s - +1 cloak
rCorr  .         Warding  .     g - +2 pair of gloves {Dex+3}
rMut   .         Stasis   .     A - +0 pair of boots
MR     +....                    K - amulet of faith
Stlth  ..........               L - +2 ring of strength
                                B - +3 ring of slaying

@: confused, lethally poisoned (-7 -> -32), invisible, somewhat resistant to
hostile enchantments, extremely unstealthy
A: retaliatory headbutt, horns 2, blurry vision 1, subdued magic 1
a: Heroism, Finesse, Renounce Religion


You were on level 4 of the Spider Nest.
You worshipped Okawaru.
Okawaru was exalted by your worship.
You were not hungry.

You visited 5 branches of the dungeon, and saw 32 of its levels.
You visited the Abyss 1 time.
You also visited: Ice Cave.

You collected 2835 gold pieces.
You spent 1612 gold pieces at shops.

Inventory:

Hand Weapons
 h - the +3 war axe of Cheibriados's Reproof (weapon) {chop, rPois rC++ Int+4}
   (You found it on level 9 of the Dungeon)

   It inflicts extra damage upon your enemies.
   It affects your intelligence (+4).
   It greatly protects you from cold.
   It protects you from poison.
 o - the +3 broad axe of Due Proportion {chop, +Blink rF+ MP+9 Dex-4}
   (Okawaru gifted it to you on level 15 of the Dungeon)

   It inflicts extra damage upon your enemies.
   It affects your dexterity (-4).
   It protects you from fire.
   It affects your magic capacity (+9).
   It lets you blink.
 J - a +1 battleaxe of freezing
 O - the +1 broad axe of Reinforcement {chop, +Blink MR+ Int+2 Dex-5}
   (Okawaru gifted it to you on level 3 of the Spider Nest)

   It inflicts extra damage upon your enemies.
   It affects your intelligence (+2).
   It affects your dexterity (-5).
   It affects your resistance to hostile enchantments.
   It lets you blink.
Armour
 c - a +0 hat (worn)
 d - the +8 chain mail "Zustihak" (worn) {rC+ Int+2}
   (You bought it in a shop on level 4 of the Orcish Mines)

   It affects your intelligence (+2).
   It protects you from cold.
 g - a +2 pair of gloves of dexterity (worn)
 s - a +1 cloak (worn)
 A - a +0 pair of boots (worn)
 M - a +2 buckler of positive energy (worn)
Jewellery
 b - an uncursed amulet of guardian spirit {unknown}
 j - a +3 ring of strength
 r - the ring "Hoikh" {rC+ SInv}
   (You found it on level 8 of the Lair of Beasts)

   [ring of see invisible]

   It protects you from cold.
   It lets you see invisible.
 B - a +3 ring of slaying (left hand)
 I - an uncursed amulet of regeneration {unknown}
 K - an amulet of faith (around neck)
 L - a +2 ring of strength (right hand)
 R - an uncursed ring of fire
Wands
 m - a wand of lightning (9)
 n - a wand of lightning (6)
 E - a wand of cold (8)
Scrolls
 l - 2 scrolls of teleportation
 q - a scroll of remove curse
 t - 12 scrolls of identify
 w - 6 scrolls of enchant armour
 y - a scroll of fear
 z - 3 scrolls of magic mapping
 F - 6 scrolls of recharging
 G - 2 scrolls of silence
 H - 5 scrolls of fog
 N - 2 scrolls of immolation
 T - 8 scrolls of enchant weapon
 X - 3 scrolls of blinking
Potions
 a - 3 potions of invisibility
 f - 4 potions of haste
 i - a potion of brilliance
 k - 5 potions of agility
 p - a potion of beneficial mutation {unknown}
 v - 2 potions of resistance
 D - a potion of magic
 P - a potion of flight
Comestibles
 e - 19 bread rations
 x - a beef jerky
 C - a royal jelly
 Q - 10 meat rations


   Skills:
 + Level 17.4 Fighting
 + Level 17.8 Axes
 - Level 2.0 Throwing
 + Level 17.3 Armour
 + Level 16.5 Dodging
 - Level 5.0 Shields


You had 15 spell levels left.
You didn't know any spells.

Dungeon Overview and Level Annotations

Branches:
Dungeon (15/15)            Temple (1/1) D:7            Lair (8/8) D:10
 Shoals (0/4) Lair:3       Spider (4/4) Lair:6        Slime (0/6) Lair:6
    Orc (4/4) D:9             Elf (0/3) Orc:4        Vaults (0/5) D:14
 Depths (0/5) D:15

Altars:
Ashenzari
Cheibriados
Dithmenos
Elyvilon
Fedhas
Gozag
Kikubaaqudgha
Makhleb
Nemelex Xobeh
Okawaru
Qazlal
Ru
Sif Muna
Trog
Vehumet
Xom
Yredelemnul
Zin
The Shining One
Beogh

Shops:
D:4 (   D:6 *   D:8 [   D:9 (   D:12 *   Orc:1 ?   Orc:3 (   Orc:4 [*(:

Annotations:
D:14 exclusion: orange crystal statue
Lair:6 exclusion: oklob plant


Innate Abilities, Weirdness & Mutations

You reflexively headbutt those who attack you in melee.
You have a pair of horns on your head.
Scrolls take you a little longer to read.
Your spells are a little easier to cast, but a little less powerful.


Message History

The tarantella is moderately wounded.
You feel sick.
The jumping spider completely misses you.
The jumping spider bites you but does no damage.
The tarantella bites you but does no damage.
You feel you are being watched by something.
Something hits you but does no damage. Something hits you.
* * * LOW HITPOINT WARNING * * *
Something barely misses you. The tarantella barely misses you.
Unknown command.
Drink which item? (? for menu, Esc to quit)
You fade into invisibility!
You feel very sick. The orb of destruction hits you!
* * * LOW HITPOINT WARNING * * *
The jumping spider pounces on you but does no damage.
The jumping spider misses you. The tarantella misses you.
The tarantella completely misses you. Something hits you but does no damage.
Something hits you!
You die...

##.)
#..#^..###.....###.
#..#....#....^..#..
#...........[.....
#....^.. .^.....
#...^ss. .....# ..
#..§###...###..
#s§s#.....#..^
##@..........# #
##s......!.## ## .
#.........# ##. ..
####'''#### ##^.
...######.....######...
...^.............^.^...
....................^..
.......................
.....................^.


You could see 2 orb spiders, a jumping spider and 2 tarantellas.

Vanquished Creatures
  A bone dragon (Abyss:1)
  Arachne (Spider:2)
  An Ice Fiend (IceCv)
  Gastronok (Orc:2)
  Agnes (D:15)
  Kirke (Lair:6)
  A storm dragon (D:15)
  A tengu reaver (D:15)
  A ghost moth (Spider:3)
  An orc warlord (Orc:4)
  Louise (D:15)
  A very ugly thing (Abyss:1)
  Snorg (Lair:4)
  An ettin (D:15)
  4 vault guards (D:14)
  Josephine (Lair:8)
  8 hydras
  5 centaur warriors
  Erica (D:9)
  A rakshasa (D:15)
  A queen ant (Spider:2)
  5 death yaks (Lair:8)
  2 tengu warriors (D:14)
  2 orc high priests (Orc:4)
  Urug (Orc:4)
  A deep troll (D:15)
  A wretched star (Abyss:1)
  5 ice devils (IceCv)
  A fire crab (Lair:7)
  10 hill giants
  10 orb spiders
  A flayed ghost (D:15)
  2 unseen horrors
  10 wolf spiders
  An oklob plant (Lair:6)
  4 orc sorcerers
  A moth of wrath (Spider:4)
  4 orc knights
  3 manticores
  A siren (Lair:3)
  2 hornets (Spider:2)
  5 griffons
  10 ugly things
  3 black mambas
  8 elephants
  A cyclops (D:14)
  Joseph (D:9)
  A centaur zombie (D:13)
  21 spiny frogs
  4 ice statues
  Psyche (D:12)
  A gargoyle (D:14)
  7 komodo dragons
  A tengu conjurer (D:14)
  6 demonic crawlers
  4 kobold demonologists (D:13)
  A fire drake (Lair:7)
  9 blue devils (IceCv)
  2 merfolk (Lair:3)
  4 trolls
  9 jumping spiders
  30 blink frogs
  A boulder beetle (Lair:8)
  3 slime creatures (D:15)
  A giant leech (Lair:8)
  3 two-headed ogres
  8 wraiths
  19 redbacks
  3 deep elf magi
  A small abomination (Abyss:1)
  A water elemental (D:13)
  Sigmund (D:5)
  6 trapdoor spiders
  A spriggan (D:7)
  A vampire (D:14)
  A deep elf fighter (D:14)
  6 hippogriffs
  38 yaks
  18 tarantellas
  5 hogs (Lair:6)
  2 humans
  4 hungry ghosts
  A neqoxec (Abyss:1)
  24 vampire mosquitoes
  A basilisk (Lair:8)
  Menkaure (D:5)
  A chaos spawn (Abyss:1)
  A mottled dragon (D:15)
  4 wolves (Lair:3)
  6 wargs
  32 orc warriors
  20 water moccasins
  12 porcupines
  32 spiders
  6 ice beasts
  4 soldier ants (Spider:2)
  5 black bears
  2 wasps
  2 phantoms
  A necrophage (D:14)
  14 ogres
  An eye of draining (D:10)
  3 centaurs
  15 crocodiles
  2 big kobolds
  39 giant frogs
  A wyvern zombie (D:10)
  3 scorpions
  A wyvern skeleton (D:9)
  14 killer bees
  9 wights
  6 electric eels (Lair:8)
  6 crimson imps
  6 jellies
  22 orc priests
  7 hounds
  28 orc wizards
  6 centaur skeletons
  3 giant frog skeletons
  2 gnoll shamans
  6 hell rats (Lair:5)
  29 worker ants
  Natasha (twice) (D:4)
  24 iguanas
  A hound skeleton (D:7)
  16 adders
  A worker ant zombie (D:11)
  11 gnolls
  6 river rats (Lair:7)
  2 shadow imps
  10 white imps (IceCv)
  2 oozes
  5 ufetubi (IceCv)
  An adder skeleton (D:7)
  3 worms
  5 giant geckos
  197 orcs
  7 goblins
  7 hobgoblins
  4 jackals (D:11)
  12 kobolds
  5 quokkas
  A ball python zombie (D:5)
  7 bats
  6 giant cockroaches
  2 giant gecko skeletons
  5 giant newts
  A jackal zombie (D:8)
  4 rats
  15 fungi
  18 plants (Lair:8)
1112 creatures vanquished.

Vanquished Creatures (others)
  A hydra (Lair:6)
  An orb spider (Spider:4)
  Grinder (D:3)
  2 vampire mosquitoes (Lair:8)
  An adder (D:3)
  A white imp (IceCv)
  An ufetubus (IceCv)
  A bat (D:3)
  20 fungi
  16 plants (Lair:8)
45 creatures vanquished.

Grand Total: 1157 creatures vanquished

Notes
Turn   | Place    | Note
--------------------------------------------------------------
     0 | D:1      | Eucla the Minotaur Gladiator began the quest for the Orb.
     0 | D:1      | Reached XP level 1. HP: 18/18 MP: 0/0
   222 | D:1      | Reached XP level 2. HP: 23/25 MP: 1/1
   229 | D:1      | Reached skill level 1 in Armour
   859 | D:2      | Reached XP level 3. HP: 30/30 MP: 2/2
  1119 | D:3      | Reached skill level 4 in Axes
  1648 | D:3      | Noticed Grinder
  1669 | D:3      | Paralysed by Grinder for 3 turns
  1686 | D:3      | Paralysed by Grinder for 5 turns
  1700 | D:3      | Killed Grinder
  1700 | D:3      | Reached XP level 4. HP: 23/40 MP: 3/3
  1700 | D:3      | Reached XP level 5. HP: 26/46 MP: 4/4
  1823 | D:4      | Noticed a phantom
  1845 | D:4      | Killed a phantom
  1845 | D:4      | Reached skill level 5 in Axes
  1845 | D:4      | Reached skill level 5 in Dodging
  1845 | D:4      | Reached XP level 6. HP: 29/53 MP: 5/5
  2009 | D:4      | Noticed Natasha
  2016 | D:4      | Killed Natasha
  2107 | D:4      | Reached XP level 7. HP: 6/60 MP: 6/6
  2564 | D:4      | Reached skill level 5 in Fighting
  2582 | D:4      | Found Rihim's Weapon Shop.
  2930 | D:4      | Noticed Natasha
  2937 | D:4      | Killed Natasha
  3008 | D:5      | Entered Level 5 of the Dungeon
  3012 | D:5      | Reached skill level 6 in Axes
  3161 | D:5      | Reached skill level 5 in Armour
  3167 | D:5      | Noticed Menkaure
  3175 | D:5      | Killed Menkaure
  3256 | D:5      | Noticed Sigmund
  3272 | D:5      | Killed Sigmund
  3272 | D:5      | Reached XP level 8. HP: 62/70 MP: 7/7
  3648 | D:5      | Reached skill level 7 in Axes
  4248 | D:6      | Found Nurph's Assorted Antiques.
  4251 | D:6      | Bought a pink potion for 20 gold pieces
  4251 | D:6      | Bought a glowing chain mail for 103 gold pieces
  4251 | D:6      | Bought a murky amethyst potion for 20 gold pieces
  4463 | D:6      | Reached XP level 9. HP: 51/79 MP: 8/8
  4760 | D:7      | Reached skill level 8 in Axes
  5178 | D:7      | Found a radiant altar of Vehumet.
  5313 | D:7      | Found a staircase to the Ecumenical Temple.
  5319 | Temple   | Entered the Ecumenical Temple
  5406 | Temple   | Became a worshipper of Warmaster Okawaru
  6053 | D:8      | Reached skill level 9 in Axes
  6328 | D:8      | Reached * piety under Okawaru
  6489 | D:8      | Found a white marble altar of Elyvilon.
  6667 | D:8      | Reached XP level 10. HP: 82/90 MP: 9/9
  6795 | D:8      | Found Eryi's Armour Shop.
  7066 | D:9      | Found Kosh's Weapon Emporium.
  7154 | D:9      | Noticed Erica
  7167 | D:9      | Reached ** piety under Okawaru
  7175 | D:9      | Killed Erica
  7419 | D:9      | Found a staircase to the Orcish Mines.
  7488 | D:9      | Noticed Joseph
  7499 | D:9      | Killed Joseph
  7500 | D:9      | Found a glowing golden altar of the Shining One.
  7520 | D:9      | Reached *** piety under Okawaru
  7520 | D:9      | Reached skill level 10 in Axes
  7797 | D:9      | Got an ancient war axe
  7798 | D:9      | Identified the +3 war axe of Cheibriados's Reproof {chop, rPois rC++ Int+4} (You found it on level 9 of the Dungeon)
  8363 | D:10     | Entered Level 10 of the Dungeon
  8375 | D:10     | Found a staircase to the Lair.
  8401 | D:10     | Reached skill level 10 in Fighting
  8606 | D:10     | Reached skill level 10 in Armour
  8606 | D:10     | Reached skill level 10 in Dodging
  8909 | D:10     | Reached **** piety under Okawaru
  8925 | D:10     | Reached XP level 11. HP: 98/100 MP: 10/10
  8938 | D:10     | Found an iron altar of Okawaru.
  9047 | Lair:1   | Entered Level 1 of the Lair of Beasts
  9431 | Lair:1   | Reached skill level 11 in Axes
  9435 | Lair:1   | Reached ***** piety under Okawaru
  9871 | Lair:1   | Received a gift from Okawaru
 11533 | Lair:3   | Noticed an eight-headed hydra
 11589 | Lair:3   | Reached XP level 12. HP: 64/111 MP: 11/11
 11731 | Lair:3   | Found a staircase to the Shoals.
 11756 | Lair:3   | Killed a nine-headed hydra
 11756 | Lair:3   | Reached skill level 12 in Axes
 12075 | Lair:3   | Received a gift from Okawaru
 12078 | Lair:3   | Got a pair of pitted gloves {god gift}
 12089 | Lair:3   | Identified the +1 pair of gloves of Ladders and Snakes {Stlth+} (Okawaru gifted it to you on level 3 of the Lair of Beasts)
 12288 | Lair:4   | Noticed a six-headed hydra
 12300 | Lair:4   | Killed an 11-headed hydra
 12561 | Lair:4   | Noticed Snorg
 12574 | Lair:4   | Killed Snorg
 12760 | Lair:5   | Noticed a four-headed hydra
 12774 | Lair:5   | Killed a 14-headed hydra
 13216 | Lair:5   | Reached skill level 13 in Axes
 13230 | Lair:5   | Reached ****** piety under Okawaru
 13395 | Lair:6   | Noticed a four-headed hydra
 13395 | Lair:6   | Noticed an eight-headed hydra
 13398 | Lair:6   | Killed a ten-headed hydra
 13402 | Lair:6   | Killed a five-headed hydra
 13408 | Lair:6   | Killed a seven-headed hydra
 13408 | Lair:6   | Received a gift from Okawaru
 13412 | Lair:6   | Reached XP level 13. HP: 60/122 MP: 10/12
 13677 | Lair:6   | Noticed an eight-headed hydra
 13684 | Lair:6   | Killed a 12-headed hydra
 13695 | Lair:6   | Noticed Kirke
 13713 | Lair:6   | Killed Kirke
 14067 | Lair:6   | Found a staircase to the Slime Pits.
 14279 | Lair:6   | Found a hole to the Spider Nest.
 14343 | Lair:6   | Noticed a seven-headed hydra
 14354 | Lair:6   | Killed a 12-headed hydra
 14555 | Lair:6   | Received a gift from Okawaru
 14746 | Lair:7   | Reached skill level 1 in Shields
 15597 | Lair:8   | Entered Level 8 of the Lair of Beasts
 15601 | Lair:8   | Received a gift from Okawaru
 15620 | Lair:8   | Reached skill level 14 in Axes
 15685 | Lair:8   | HP: 3/124 [giant leech (21)]
 16172 | Lair:8   | Reached XP level 14. HP: 31/132 MP: 11/13
 16703 | Lair:8   | Received a gift from Okawaru
 16763 | Lair:8   | Reached skill level 5 in Shields
 16856 | Lair:8   | Noticed Josephine
 16861 | Lair:8   | Killed Josephine
 16872 | Lair:8   | Received a gift from Okawaru
 17968 | Lair:8   | Got a brightly glowing granite ring
 17970 | Lair:8   | Identified the ring "Hoikh" {rC+ SInv} (You found it on level 8 of the Lair of Beasts)
 18545 | Orc:1    | Entered Level 1 of the Orcish Mines
 18718 | Orc:1    | Found a roughly hewn altar of Beogh.
 18821 | Orc:1    | Found Seud's Magic Scroll Shop.
 18830 | Orc:1    | Bought a scroll of identify for 24 gold pieces
 18830 | Orc:1    | Bought 2 scrolls of recharging for 228 gold pieces
 18830 | Orc:1    | Bought a scroll of enchant armour for 90 gold pieces
 18830 | Orc:1    | Bought a scroll of identify for 24 gold pieces
 18830 | Orc:1    | Bought a scroll of teleportation for 36 gold pieces
 18830 | Orc:1    | Bought a scroll of magic mapping for 42 gold pieces
 18830 | Orc:1    | Bought a scroll of identify for 24 gold pieces
 19146 | Orc:2    | Noticed Gastronok
 19157 | Orc:2    | Killed Gastronok
 19200 | Orc:2    | Found a shimmering altar of Xom.
 19664 | Orc:3    | Found Tiacwyilie's Antique Weapon Emporium.
 19774 | Orc:3    | Received a gift from Okawaru
 20009 | Orc:3    | You fall through a shaft!
 20009 | Orc:4    | Entered Level 4 of the Orcish Mines
 20059 | Orc:4    | Noticed Urug
 20066 | Orc:4    | Found a roughly hewn altar of Beogh.
 20069 | Orc:4    | Noticed an orc warlord
 20070 | Orc:4    | Reached skill level 15 in Axes
 20075 | Orc:4    | Killed Urug
 20086 | Orc:4    | Killed an orc warlord
 20086 | Orc:4    | Reached skill level 15 in Fighting
 20482 | Orc:4    | Found Suge's Antique Weapon Emporium.
 20489 | Orc:4    | Found Ekhlinorph's General Store.
 20615 | Orc:4    | Bought a scroll of identify for 28 gold pieces
 20615 | Orc:4    | Bought a potion of curing for 42 gold pieces
 20615 | Orc:4    | Bought a potion of haste for 140 gold pieces
 20615 | Orc:4    | Bought a scroll of teleportation for 42 gold pieces
 20615 | Orc:4    | Bought a scroll of identify for 28 gold pieces
 20968 | Orc:4    | Found a staircase to the Elven Halls.
 21029 | Orc:4    | Gained mutation: Your spells are a little easier to cast, but a little less powerful. [a neqoxec]
 21033 | Orc:4    | Gained mutation: Scrolls take you a little longer to read. [a neqoxec]
 21037 | Orc:4    | Received a gift from Okawaru
 21037 | Orc:4    | Reached skill level 15 in Armour
 21080 | Orc:4    | Found Vovug's Book Emporium.
 21094 | Orc:4    | Found Imehi's Antique Armour Emporium.
 21102 | Orc:4    | Bought a shimmering chain mail for 266 gold pieces
 21112 | Orc:4    | Identified the +8 chain mail "Zustihak" {rC+ Int+2} (You bought it in a shop on level 4 of the Orcish Mines)
 22465 | D:12     | Noticed Psyche
 22474 | D:12     | Killed Psyche
 22499 | D:12     | Found Vavim's Assorted Antiques.
 22508 | D:12     | Bought a scroll of blinking for 195 gold pieces
 22508 | D:12     | Bought a potion of resistance for 260 gold pieces
 22891 | D:12     | Reached XP level 15. HP: 141/141 MP: 14/14
 23115 | D:13     | Received a gift from Okawaru
 23741 | D:14     | Received a gift from Okawaru
 24150 | D:14     | Reached skill level 15 in Dodging
 24238 | D:14     | Found a gate to the Vaults.
 24255 | D:14     | Reached skill level 16 in Axes
 24679 | D:15     | Entered Level 15 of the Dungeon
 24679 | D:15     | Found a runed door.
 24705 | D:15     | Noticed a tengu reaver
 24707 | D:15     | Noticed a storm dragon
 24726 | D:15     | Killed a tengu reaver
 24737 | D:15     | HP: 7/143 [storm dragon/bolt of lightning (8)]
 24752 | D:15     | Killed a storm dragon
 24752 | D:15     | Received a gift from Okawaru
 24856 | D:15     | Found a staircase to the Depths.
 24931 | D:15     | Noticed Agnes
 24996 | D:15     | Noticed Louise
 25001 | D:15     | Killed Louise
 25713 | D:15     | Cast into the Abyss (Agnes)
 25772 | Abyss:1  | Noticed a bone dragon
 25796 | Abyss:1  | Killed a bone dragon
 25796 | Abyss:1  | Reached XP level 16. HP: 136/136 MP: 13/13
 25810 | D:15     | Escaped the Abyss
 25901 | D:15     | HP: 3/152 [Agnes/lajatang of distortion (22)]
 26379 | D:15     | Killed Agnes
 26379 | D:15     | Received a gift from Okawaru
 26417 | D:15     | Got an iridescent broad axe {god gift}
 26421 | D:15     | Identified the +3 broad axe of Due Proportion {chop, +Blink rF+ MP+9 Dex-4} (Okawaru gifted it to you on level 15 of the Dungeon)
 26755 | Spider:1 | Entered Level 1 of the Spider Nest
 27206 | Spider:1 | Reached skill level 17 in Axes
 27435 | Spider:2 | Received a gift from Okawaru
 27585 | Spider:2 | Noticed Arachne
 27633 | Spider:2 | Killed Arachne
 28034 | Spider:3 | Received a gift from Okawaru
 28037 | Spider:3 | Got a slimy broad axe {god gift}
 28093 | Spider:3 | Found a frozen archway.
 28127 | IceCv    | Entered an ice cave
 28394 | IceCv    | Noticed an Ice Fiend
 28419 | IceCv    | Killed an Ice Fiend
 28419 | IceCv    | HP: 7/155 [something (2)]
 29034 | IceCv    | Identified the +1 broad axe of Reinforcement {chop, +Blink MR+ Int+2 Dex-5} (Okawaru gifted it to you on level 3 of the Spider Nest)
 29165 | Spider:3 | Received a gift from Okawaru
 30001 | Spider:4 | Entered Level 4 of the Spider Nest
 30409 | Spider:4 | HP: 1/155 [disintegration (40)]
 30409 | Spider:4 | Mangled by a ghost moth

Action                   |  1- 3 |  4- 6 |  7- 9 | 10-12 | 13-15 | 16-18 || total
-------------------------+-------+-------+-------+-------+-------+-------++-------
Melee: War axe           |    93 |    54 |   304 |   521 |  1208 |   497 ||  2677
Throw: Throwing net      |     3 |       |       |       |       |       ||     3
Invok: Heroism           |       |       |       |     5 |    10 |     4 ||    19
Evoke: Wand              |       |       |       |    12 |       |       ||    12
  Use: Potion            |     3 |     1 |     8 |     2 |    12 |     6 ||    32
       Scroll            |       |       |       |    20 |    11 |     4 ||    35
 Stab: Invisible         |       |       |       |       |     3 |       ||     3
       Held in net/web   |       |       |       |       |       |     1 ||     1
  Eat: Chunk             |     2 |       |     3 |    10 |     9 |       ||    24
       Meat ration       |       |     1 |     2 |     3 |     2 |     2 ||    10
       Beef jerky        |       |       |     1 |     1 |     6 |       ||     8
       Pizza             |       |       |     1 |     1 |     4 |     2 ||     8
       Fruit             |       |       |       |       |     8 |     4 ||    12
       Bread ration      |       |       |       |       |     1 |       ||     1
       Royal jelly       |       |       |       |       |       |     1 ||     1
